[Event "*** Titled Tuesday 3|2 Blitz (Early)"]
[Site "Chess.com"]
[Date "2017.01.03"]
[Round "9"]
[White "ajkom197"]
[Black "Dr-Bassem"]
[Result "0-1"]
[WhiteElo "2326"]
[BlackElo "2649"]
[TimeControl "180+2"]
[EndTime "12:53:22 PST"]
[Termination "Dr-Bassem won by resignation"]

1. d4 f5 2. g3 Nf6 3. Bg2 e6 4. c4 Be7 5. Nc3 O-O 6. e3 d6 7. Nge2 e5 8. O-O c6 9. b3 Qe8 10. Qd2 Na6 11. Bb2 Qh5 12. f4 e4 13. d5 Nb4 14. dxc6 bxc6 15. Ba3 a5 16. Nd4 Bd7 17. Nc2 Nxc2 18. Qxc2 Ng4 19. Rfe1 Qxh2+ 20. Kf1 Qxg3 21. Rad1 Nxe3+ 22. Rxe3 Qxe3 23. Ne2 Bh4 0-1

[Event "*** Titled Tuesday 3|2 Blitz (Early)"]
[Site "Chess.com"]
[Date "2017.01.03"]
[Round "9"]
[White "Haykos"]
[Black "Spas_Kozhuharov"]
[Result "1-0"]
[WhiteElo "2441"]
[BlackElo "2468"]
[TimeControl "180+2"]
[EndTime "12:54:04 PST"]
[Termination "Haykos won by resignation"]

1. e4 c6 2. d4 d5 3. f3 dxe4 4. fxe4 e5 5. Nf3 Bg4 6. Bc4 Nd7 7. O-O Ngf6 8. c3 Bh5 9. Qb3 b5 10. Be2 Bd6 11. a4 a6 12. axb5 axb5 13. Rxa8 Qxa8 14. Nxe5 Bxe5 15. Bxh5 Bxd4+ 16. cxd4 O-O 17. Bf3 Qa7 18.
Be3 1-0

[Event "*** Titled Tuesday 3|2 Blitz (Early)"]
[Site "Chess.com"]
[Date "2017.01.03"]
[Round "9"]
[White "FearlessKing64"]
[Black "alturas_pacificas"]
[Result "0-1"]
[WhiteElo "2062"]
[BlackElo "2022"]
[TimeControl "180+2"]
[EndTime "12:54:05 PST"]
[Termination "alturas_pacificas won by resignation"]

1. e4 e5 2. Nf3 Nf6 3. Nxe5 d6 4.
Nf3 Nxe4 5. Nc3 Nxc3 6. dxc3 Be7 7. Be3 Nd7 8. Qd2 Ne5 9. Be2 Be6 10. O-O-O O-O 11.
Kb1 a5 12. Nd4 Nc4 13. Bxc4 Bxc4 14. b3 Bd5 15. c4 Be4 16. f3 Bg6 17. h4 Bxh4 18.
g4 Re8 19. Nf5 Bf6 20. Bf4 a4 21. Nh4 Bxh4 22. Qh2 axb3 23. axb3 0-1

[Event "*** Titled Tuesday 3|2 Blitz (Early)"]
[Site "Chess.com"]
[Date "2017.01.03"]
[Round "9"]
[White "cassoulet"]
[Black "Blitzstream"]
[Result "1-0"]
[WhiteElo "2337"]
[BlackElo "2506"]
[TimeControl "180+2"]
[EndTime "12:54:12 PST"]
[Termination "cassoulet won by checkmate"]

1. e4 d5 2. exd5 Qxd5 3. Nc3 Qa5 4. d4 Nf6 5. Bd2 c6 6. Nf3 Bf5 7. Bc4 e6 8. Nd5 Qd8 9. Nxf6+ Qxf6 10. c3 Bd6 11.
Qe2 Nd7 12. O-O-O b5 13. Bb3 O-O 14. h4 Bg4 15. Bc2 h6 16. Kb1 Nb6 17. Bg5 hxg5 18.
hxg5 Qxg5 19. Bh7+ Kh8 20. Qc2 Bxf3 21. Bg8+ Qh6 22. Rxh6+ gxh6 23. Qh7# 1-0

[Event "*** Titled Tuesday 3|2 Blitz (Early)"]
[Site "Chess.com"]
[Date "2017.01.03"]
[Round "9"]
[White "162a54f5d"]
[Black "yian123"]
[Result "1/2-1/2"]
[WhiteElo "2387"]
[BlackElo "2383"]
[TimeControl "180+2"]
[EndTime "12:54:21 PST"]
[Termination "Game drawn by agreement"]

1. d4 d5 2. c4 c6 3. Nf3 Nf6 4. e3 a6 5. Nbd2 g6 6. b4 Bg7 7. Bb2 O-O 8. Be2 Qb6 9. Qb3 Bg4 10.
c5 Qc7 11. a4 Nbd7 12. O-O Bxf3 13. Nxf3 Ne4 14. b5 axb5 15. axb5 e5 16. b6 Qb8 17. Rxa8 Qxa8 18. Nxe5 Nexc5 19. dxc5 Nxe5 20. Ra1 Qb8 21. Ra7 Nd7 22. Bxg7 Kxg7 23. Qc3+ Kg8 24. Ba6 Nxc5 25. Qxc5 bxa6 26. Qxc6 Qe5 27. Rxa6 d4 28. Qf3 Qb5 29. Ra1 Qxb6 30. exd4 Qxd4 31. Rd1 Qe5 32. g3 1/2-1/2

[Event "*** Titled Tuesday 3|2 Blitz (Early)"]
[Site "Chess.com"]
[Date "2017.01.03"]
[Round "9"]
[White "LonesomeGeorge1"]
[Black "IIIlllII1llIl"]
[Result "0-1"]
[WhiteElo "2158"]
[BlackElo "2428"]
[TimeControl "180+2"]
[EndTime "12:54:26 PST"]
[Termination "IIIlllII1llIl won by resignation"]

1. d4 c5 2. c3 Qc7 3. Bg5 d6 4. Nf3 Nd7 5. e3 g6 6. Be2 Bg7 7. O-O Ngf6 8. Nbd2 O-O 9. b4 b6 10.
a4 Bb7 11. a5 e5 12. dxe5 dxe5 13. Nc4 Nd5 14. a6 Bc6 15. Qb3 e4 16. Nfd2 Nxc3 17.
Bf4 Nxe2+ 18. Kh1 Nxf4 19. exf4 Qxf4 20. Qf3 exf3 0-1

[Event "*** Titled Tuesday 3|2 Blitz (Early)"]
[Site "Chess.com"]
[Date "2017.01.03"]
[Round "9"]
[White "E-Shaposhnikov"]
[Black "bivark"]
[Result "1-0"]
[WhiteElo "2731"]
[BlackElo "2378"]
[TimeControl "180+2"]
[EndTime "12:54:58 PST"]
[Termination "E-Shaposhnikov won by resignation"]

1. Nf3 d5 2. d4 Nf6 3. c4 c6 4. e3 a6 5. Bd3 Bg4 6. Nbd2 e6 7. b3 Nbd7 8. Bb2 b5 9. O-O Bd6 10.
Qc2 Qb8 11. a4 b4 12. h3 Bh5 13. cxd5 cxd5 14. Qc6 a5 15. Ne5 Ke7 16. Rac1 Nxe5 17. dxe5 Bxe5 18. Bxe5 Qxe5 19. Qb7+ Nd7 20. Rc7 Rad8 21.
Bb5 Qd6 22. Rfc1 f6 23. f4 Be8 24. R1c6 Rb8 25. Qxb8 Qxc6 26. Bxc6 1-0

[Event "*** Titled Tuesday 3|2 Blitz (Early)"]
[Site "Chess.com"]
[Date "2017.01.03"]
[Round "9"]
[White "Fablibi"]
[Black "chesswooog"]
[Result "1-0"]
[WhiteElo "2481"]
[BlackElo "2172"]
[TimeControl "180+2"]
[EndTime "12:55:25 PST"]
[Termination "Fablibi won by resignation"]

1. d4 Nf6 2. Nc3 d5 3. Bf4 Bf5 4.
e3 e6 5. f3 Bd6 6. g4 Bxf4 7.
exf4 Bg6 8. Nge2 h5 9. f5 exf5 10. g5 Ng8 11. h4 Qd6 12. Qd2 c6 13. O-O-O Ne7 14. Nf4 Nd7 15. Bd3 O-O-O 16. Rde1 Rde8 17. Nce2 Nb6 18. Ng3 Nc4 19. Bxc4 dxc4 20. Re5 Nd5 21. Nxd5 Rxe5 22. dxe5 Qxe5 23. Nf4 Rd8 24. Re1 Qc7 25.
Qe3 c3 26. bxc3 Qa5 27. Kb2 Qb5+ 28. Ka1 Qa4 29. Rc1 Bh7 30. Nd3 Bg8 31. Qf4 f6 32.
Qxa4 1-0

[Event "*** Titled Tuesday 3|2 Blitz (Early)"]
[Site "Chess.com"]
[Date "2017.01.03"]
[Round "9"]
[White "boredoldman"]
[Black "jup1978"]
[Result "1-0"]
[WhiteElo "2498"]
[BlackElo "2238"]
[TimeControl "180+2"]
[EndTime "12:55:27 PST"]
[Termination "boredoldman won by resignation"]

1. d4 d5 2. c4 c6 3. Nf3 Nf6 4. e3 Bg4 5. Nc3 Bxf3 6. Qxf3 e6 7.
Bd3 Nbd7 8. O-O Bb4 9. a3 Bxc3 10.
bxc3 O-O 11. Qh3 dxc4 12. Bxc4 e5 13. f4 exd4 14. exd4 Nb6 15. Bd3 Re8 16. g4 c5 17.
g5 Ne4 18. Re1 f5 19. Qxf5 g6 20. Qh3 Nxc3 21. Rxe8+ Qxe8 22. dxc5 Ne2+ 23. Kf2 Nxc1 24.
Rxc1 Rc8 25. Re1 Qf8 26. cxb6 Qxf4+ 27. Kg2 Qxg5+ 28. Kh1 axb6 29. Qxc8+ Kg7 30. Qc7+ Kh6 31. Qc1 1-0

[Event "*** Titled Tuesday 3|2 Blitz (Early)"]
[Site "Chess.com"]
[Date "2017.01.03"]
[Round "9"]
[White "QuintilianoR"]
[Black "macko06"]
[Result "1-0"]
[WhiteElo "2527"]
[BlackElo "2274"]
[TimeControl "180+2"]
[EndTime "12:55:40 PST"]
[Termination "QuintilianoR won by resignation"]

1. d4 Nf6 2. Nf3 e6 3. Bf4 c5 4. e3 b6 5. c3 Bb7 6. Nbd2 Be7 7.
h3 O-O 8. Bd3 d5 9. O-O Nc6 10.
Qe2 Bd6 11. Rad1 Qc7 12. Bxd6 Qxd6 13. Bb5 a6 14. Ba4 b5 15. Bc2 e5 16. e4 cxd4 17. cxd4 Nxd4 18. Nxd4 exd4 19. e5 Rfe8 20. f4 Qc5 21.
Bd3 Ne4 22. Nb3 Qb6 23. Bxe4 dxe4 24. Nxd4 Rad8 25. Qf2 Rd7 26. Nf5 Qxf2+ 27. Kxf2 Red8 28. Rd6 g6 29. Rxd7 Rxd7 30. Nd6 Bd5 31. Rd1 Be6 32. b3 Rc7 33. Rd2 Bf5 34. g4 Be6 35. Nxe4 Kf8 36.
Rd8+ Ke7 37. Ra8 Rc2+ 38. Ke3 Rxa2 39. Nf6 Bd7 40. Ra7 Rh2 41. Rxd7+ Ke6 42. Rd6+ Ke7 43. Rxa6 Rxh3+ 44. Ke4 Rxb3 45. Nd5+ Kf8 46. Ra8+ Kg7 47.
Nf6 1-0

[Event "*** Titled Tuesday 3|2 Blitz (Early)"]
[Site "Chess.com"]
[Date "2017.01.03"]
[Round "9"]
[White "saraswathii"]
[Black "rst2003"]
[Result "1-0"]
[WhiteElo "1679"]
[BlackElo "2110"]
[TimeControl "180+2"]
[EndTime "12:56:05 PST"]
[Termination "saraswathii won by resignation"]

1. d4 Nf6 2. Bf4 g6 3. e3 Bg7 4. Nf3 O-O 5. Be2 b6 6. O-O Bb7 7. Nbd2 d5 8. c4 e6 9. Ne5 Nbd7 10. Ndf3 c5 11. Rc1 Rc8 12. Qa4 a6 13. Bg5 h6 14. Bh4 g5 15. Bg3 Nxe5 16. Bxe5 Ne4 17. Rfd1 Qe8 18. Qxe8 Rfxe8 19. Bxg7 Kxg7 20. Ne5 f6 21.
Nd7 Rc6 22. cxd5 exd5 23. dxc5 Nxc5 24. Rxd5 Rc7 25. Nxc5 Bxd5 26. Ne6+ Bxe6 27. Rxc7+ Kg6 28. Bxa6 Bxa2 29. Bd3+ Kh5 30. h3 Rd8 31. g4+ Kh4 32. Kh2 Bg8 33. Bc4 Bxc4 34. Rh7 1-0

[Event "*** Titled Tuesday 3|2 Blitz (Early)"]
[Site "Chess.com"]
[Date "2017.01.03"]
[Round "9"]
[White "DuleMudule"]
[Black "mwpchess"]
[Result "1-0"]
[WhiteElo "2532"]
[BlackElo "2443"]
[TimeControl "180+2"]
[EndTime "12:56:06 PST"]
[Termination "DuleMudule won by resignation"]

1. d4 Nf6 2. Nc3 d5 3. Bf4 a6 4.
e3 b5 5. Nf3 Bb7 6. Ne5 Nbd7 7.
Bd3 e6 8. a4 b4 9. Ne2 c5 10.
c3 c4 11. Bc2 b3 12. Bb1 Nxe5 13. dxe5 Nh5 14. Nd4 Nxf4 15. exf4 g6 16. h4 h5 17. g4 hxg4 18. Qxg4 Qe7 19. h5 Rxh5 20. Rxh5 gxh5 21. Qxh5 O-O-O 22. Ke2 Bg7 23. Bh7 Rh8 24. Rg1 Qf8 25.
Rh1 Kb8 26. Qf3 Ka8 27. Bb1 Rxh1 28. Qxh1 Bc8 29. a5 f6 30. Qh5 fxe5 31. fxe5 Qf4 32.
Qe8 Qxe5+ 33. Kf1 Qc7 34. Nxe6 Qb7 35. Nxg7 Qxg7 36. Qxc8+ Ka7 37. Qc5+ Kb8 38. Qb6+ Ka8 39. Qxa6+ Kb8 40. Qb6+ Ka8 41. Qd8+ Ka7 42. Qxd5 Qg4 43. Qd4+ Qxd4 44. cxd4 Ka6 45. f4 Kxa5 46. f5 1-0

[Event "*** Titled Tuesday 3|2 Blitz (Early)"]
[Site "Chess.com"]
[Date "2017.01.03"]
[Round "9"]
[White "NewBornNow"]
[Black "RitvarsReimanis"]
[Result "1-0"]
[WhiteElo "2583"]
[BlackElo "2454"]
[TimeControl "180+2"]
[EndTime "12:56:08 PST"]
[Termination "NewBornNow won by resignation"]

1. d4 Nf6 2. c4 d6 3. Nc3 g6 4. e4 Bg7 5. Nge2 O-O 6. Ng3 c5 7.
d5 e6 8. Be2 Na6 9. O-O Nc7 10.
Be3 exd5 11. cxd5 Bd7 12. a4 b6 13. Qd2 Rb8 14. Bg5 a6 15. Qf4 Qe7 16. Qh4 Qe5 17. f4 Qd4+ 18. Kh1 Nfe8 19. Rad1 Qb4 20. e5 Qxb2 21. Nce4 dxe5 22. f5 f6 23. d6 Na8 24.
Bc4+ Rf7 25. fxg6 hxg6 26. Bxf6 b5 27. Bxf7+ Kxf7 28. Bxg7+ Kxg7 29. Qe7+ Kh6 30. Qf8+ 1-0

[Event "*** Titled Tuesday 3|2 Blitz (Early)"]
[Site "Chess.com"]
[Date "2017.01.03"]
[Round "9"]
[White "eldur16"]
[Black "PelinGorki"]
[Result "1-0"]
[WhiteElo "2143"]
[BlackElo "2383"]
[TimeControl "180+2"]
[EndTime "12:56:17 PST"]
[Termination "eldur16 won by resignation"]

1. d4 Nf6 2. c4 e5 3. dxe5 Ng4 4.
Bf4 g5 5. Bd2 Bg7 6. Nf3 Nxe5 7.
Nxe5 Bxe5 8. Bc3 Bxc3+ 9. Nxc3 d6 10.
g3 Nc6 11. Bg2 Bd7 12. Qd2 Ne5 13. b3 Bc6 14. Nd5 h6 15. h4 g4 16. Qf4 Bxd5 17. Bxd5 c6 18. Bg2 Qa5+ 19. Qd2 Qxd2+ 20. Kxd2 Ke7 21.
Rhc1 Rad8 22. Ke1 f5 23. Rc3 Rhf8 24. e3 Kf6 25. Ke2 Rfe8 26. Rd1 Re6 27. Rd4 Nf7 28. b4 Ke7 29. b5 Kd7 30. c5 d5 31. bxc6+ bxc6 32. Rb3 Rc8 33. Ra4 Rc7 34. Kd2 Re8 35. Bf1 Ne5 36.
Kc3 Ng6 37. Be2 Nf8 38. Bd3 Ke6 39. Rf4 Rf7 40. a4 Ng6 41. Rfb4 Ke5 42. Rb7 Ree7 43. Rb8 Nf8 44. Rc8 Rc7 45. Re8+ Ne6 46. Rbb8 Rfe7 47. Kb4 d4 48. exd4+ Nxd4 49. Kc4 Ne6 50. a5 Red7 51. a6 Rd4+ 52. Kc3 Rcd7 53. Bc4 Rxc4+ 54. Kxc4 Rd5 55.
Rb7 Rxc5+ 56. Kb4 Kd6 57. Rxe6+ 1-0

[Event "*** Titled Tuesday 3|2 Blitz (Early)"]
[Site "Chess.com"]
[Date "2017.01.03"]
[Round "9"]
[White "Izoria123"]
[Black "Aygehovit1992"]
[Result "1-0"]
[WhiteElo "2423"]
[BlackElo "2463"]
[TimeControl "180+2"]
[EndTime "12:56:23 PST"]
[Termination "Izoria123 won by resignation"]

1. Nf3 Nf6 2. c4 g6 3. g3 Bg7 4.
Bg2 O-O 5. O-O c6 6. b3 d5 7.
Bb2 Bf5 8. d3 Qc8 9. Nbd2 Bh3 10. b4 Bxg2 11. Kxg2 dxc4 12. Nxc4 Rd8 13. Qb3 Nbd7 14.
Rac1 a6 15. Ng5 Rf8 16. Rfd1 h6 17. Nf3 Re8 18. e4 Nh7 19. d4 Ndf6 20. Nce5 e6 21. Re1 Qd8 22. a4 Ng5 23. Nxg5 hxg5 24. h3 Nd7 25.
Nf3 Rc8 26. Rcd1 a5 27. Bc1 axb4 28. Bxg5 Qa5 29. Bd2 Bf8 30. Rb1 c5 31. dxc5 Nxc5 32. Qxb4 Qa8 33. Qb5 Red8 34. Bg5 Rd3 35. Be3 Qxa4 36.
Qxa4 Nxa4 37. Rxb7 Rc2 38. Ne5 Ra3 39. Nxf7 Nc3 40.
Ng5 Na2 41. Nxe6 Bb4 42. Rd1 Rxe3 43. Rd8+ 1-0

[Event "*** Titled Tuesday 3|2 Blitz (Early)"]
[Site "Chess.com"]
[Date "2017.01.03"]
[Round "9"]
[White "Lupul_Cenusiu"]
[Black "Buffy7"]
[Result "0-1"]
[WhiteElo "2458"]
[BlackElo "2495"]
[TimeControl "180+2"]
[EndTime "12:56:32 PST"]
[Termination "Buffy7 won by checkmate"]

1. d4 Nf6 2. c4 e6 3. Nc3 Bb4 4.
e3 b6 5. Nf3 Ne4 6. Bd2 Nxd2 7.
Qxd2 Bb7 8. Be2 d5 9. a3 Bd6 10. cxd5 exd5 11. Ne5 O-O 12. O-O Nd7 13. f4 f6 14. Nd3 a6 15. Bf3 c6 16. e4 dxe4 17. Nxe4 Bc7 18. Rac1 Qe7 19. f5 Rad8 20. Rfe1 Qf7 21.
Qc3 c5 22. dxc5 Ne5 23. Nxe5 Bxe5 24. Qc2 bxc5 25. Nxc5 Bxf3 26. gxf3 Qh5 27. Ne6 Qxf3 28.
Qg2 Qxg2+ 29. Kxg2 Rd2+ 30. Kf3 Rb8 31. b4 Rd3+ 32. Ke4 Rxa3 33. Rc4 Rb3 34. Rg1 g6 35. fxg6 R8xb4 36. Rxb4 Rxb4+ 37. Kf5 Rb2 38. h4 Rf2+ 39. Ke4 hxg6 40. Rxg6+ Kf7 41. Rg7+ Kxe6 42. Ra7 Rf4+ 43. Ke3 Bd4+ 44. Kxf4 Bxa7 45. h5 Kf7 46. Kf5 a5 47. h6 a4 48. h7 Kg7 49. h8=Q+ Kxh8 50. Kxf6 a3 51. Kf7 a2 52. Kg6 a1=Q 53. Kh6 Qg7+ 54. Kh5 Bb8 55. Kh4 Kg8 56. Kh5 Kf8 57. Kh4 Ke7 58. Kh5 Kd6 59. Kh4 Kd5 60. Kh5 Ke4 61. Kh4 Kf4 62. Kh5 Bc7 63. Kh4 Qg4# 0-1

[Event "*** Titled Tuesday 3|2 Blitz (Early)"]
[Site "Chess.com"]
[Date "2017.01.03"]
[Round "9"]
[White "BjarkeSahl"]
[Black "Quiet_Desperation"]
[Result "1-0"]
[WhiteElo "2274"]
[BlackElo "2355"]
[TimeControl "180+2"]
[EndTime "12:56:48 PST"]
[Termination "BjarkeSahl won by checkmate"]

1. e4 Nc6 2. d4 d5 3. Nc3 Nf6 4. e5 Ng8 5. Nce2 Bf5 6. c3 e6 7. Ng3 Bg6 8. h4 h6 9. h5 Bh7 10. Bd3 Bxd3 11. Qxd3 Qd7 12. f4 O-O-O 13. Nf3 Kb8 14.
b4 Nge7 15. a4 Ka8 16. a5 Nb8 17. Nd2 Nc8 18. Nb3 f6 19. Nc5 Bxc5 20. bxc5 fxe5 21. fxe5 a6 22. Ne2 Rhf8 23. Nf4 Rf5 24. Be3 Ne7 25. O-O Rdf8 26. g3 Rg5 27. Kg2 Nf5 28. Ne2 Nxe3+ 29. Qxe3 Rxf1 30. Rxf1 Qa4 31. Nf4 Qc2+ 32. Rf2 Qf5 33.
Nxd5 Qg4 34. Nxc7+ Ka7 35. d5 b6 36. axb6+ Kb7 37.
c6+ Kc8 38. Rf8# 1-0

[Event "*** Titled Tuesday 3|2 Blitz (Early)"]
[Site "Chess.com"]
[Date "2017.01.03"]
[Round "9"]
[White "FlySooHigh"]
[Black "Tash_Boy"]
[Result "0-1"]
[WhiteElo "2456"]
[BlackElo "2464"]
[TimeControl "180+2"]
[EndTime "12:57:00 PST"]
[Termination "Tash_Boy won on time"]

1. e4 c5 2. Nf3 d6 3. Nc3 e6 4. d4 cxd4 5. Nxd4 Nf6 6. Be3 a6 7.
f3 b5 8. Qd2 Nbd7 9. O-O-O Bb7 10.
Bd3 Nb6 11. Rhe1 Rc8 12. Kb1 Be7 13. Nb3 Nfd7 14. Na5 Ba8 15. Ne2 O-O 16. Nc1 d5 17. exd5 Bxd5 18. Be4 Nf6 19. Bd4 Nxe4 20. fxe4 Ba8 21.
Re3 Bg5 22. Qe2 Bxe3 23. Qxe3 e5 24. Bxb6 Qxd1 25. c3 Qg4 26. Ka1 Bxe4 27. Nab3 Qxg2 28.
Nd2 Bg6 29. a3 Rfe8 30. Ncb3 Qxh2 31. Ka2 Qh1 32. Ba5 h5 33. Qa7 h4 34. Qxa6 h3 35. Qxb5 h2 36. Qe2 Qg1 0-1

[Event "*** Titled Tuesday 3|2 Blitz (Early)"]
[Site "Chess.com"]
[Date "2017.01.03"]
[Round "9"]
[White "Jahonas"]
[Black "pedromartinez91"]
[Result "1-0"]
[WhiteElo "2133"]
[BlackElo "2290"]
[TimeControl "180+2"]
[EndTime "12:57:12 PST"]
[Termination "Jahonas won by resignation"]

1. d4 d5 2. c4 dxc4 3. e3 e5 4.
Bxc4 exd4 5. exd4 Bd6 6. Nf3 Ne7 7. O-O O-O 8. Nc3 Bg4 9. h3 Bh5 10. Ne4 Nbc6 11. Ng3 Bxg3 12. fxg3 Bxf3 13. Rxf3 Qxd4+ 14. Qxd4 Nxd4 15. Rd3 Nec6 16. Be3 Rad8 17. Bxd4 Rxd4 18.
Rxd4 Nxd4 19. Re1 c5 20. Re7 b5 21. Bd5 h5 22. Rxa7 Rd8 23. Bxf7+ Kh7 24. Bxh5 Kh6 25. Bg4 g5 26. Rc7 c4 27. a4 bxa4 28. Rxc4 Rd6 29.
Rxa4 Kg7 30. Ra7+ Kf6 31. Rh7 Ke5 32. Rf7 Kd5 33. h4 gxh4 34. gxh4 Rh6 35. h5 Rh8 36. Bd1 Ke6 37. Rf4 Ke5 38. Rf1 Nf5 39. g4 Ne3 40. Re1 Kf4 41. Rxe3 Kxe3 42. g5 Kf4 43. g6 Kg3 44. g7 Rc8 45. h6 Rc1 46. Kf1 Rxd1+ 47. Ke2 Rd8 48. h7 Re8+ 49. Kd3 Kf4 50.
g8=Q Rxg8 51. hxg8=Q 1-0

[Event "*** Titled Tuesday 3|2 Blitz (Early)"]
[Site "Chess.com"]
[Date "2017.01.03"]
[Round "9"]
[White "superjem123"]
[Black "Anton_Demchenko"]
[Result "0-1"]
[WhiteElo "2499"]
[BlackElo "2648"]
[TimeControl "180+2"]
[EndTime "12:57:15 PST"]
[Termination "Anton_Demchenko won on time"]

1. c4 Nf6 2. g3 g6 3. Bg2 Bg7 4.
Nc3 O-O 5. e3 d6 6. Nge2 e5 7.
O-O Re8 8. d3 c6 9. Rb1 d5 10.
cxd5 cxd5 11. d4 e4 12. Nf4 Nc6 13. b4 Bf5 14. Qb3 Ne7 15. h4 h6 16. Qd1 Qd7 17. b5 Rac8 18. Rb3 b6 19. Ba3 Rc4 20.
Re1 Bf8 21. Bf1 Rc7 22. Be2 Rec8 23. Qd2 g5 24. hxg5 hxg5 25. Nh5 Nxh5 26. Bxh5 Qe6 27. Rc1 Ng6 28. Bxf8 Rxf8 29. Bd1 Kg7 30. Ne2 Rxc1 31. Nxc1 Rh8 32. Qe2 Ne7 33. Qf1 Bh3 34. Qe2 Qh6 35. f4 Bg4 0-1

[Event "*** Titled Tuesday 3|2 Blitz (Early)"]
[Site "Chess.com"]
[Date "2017.01.03"]
[Round "9"]
[White "AdrianaNikolova"]
[Black "Hamisandwich"]
[Result "0-1"]
[WhiteElo "2252"]
[BlackElo "2385"]
[TimeControl "180+2"]
[EndTime "12:57:17 PST"]
[Termination "Hamisandwich won by resignation"]

1. e4 c5 2. c3 Nf6 3. e5 Nd5 4. d4 cxd4 5. Nf3 Nc6 6. cxd4 d6 7. Bc4 Nb6 8. Bb5 dxe5 9. Nxe5 Bd7 10. Nxd7 Qxd7 11.
O-O e6 12. Nc3 Be7 13. Be3 a6 14. Bxc6 Qxc6 15. Qg4 Bf6 16. Ne4 h5 17. Nxf6+ gxf6 18. Qg7 Ke7 19. Rac1 Rag8 20. Rxc6 bxc6 21. Qxh8 Rxh8 22.
Rc1 Kd7 23. Kf1 Nd5 24. Ke2 h4 25. g3 f5 26. Rc4 h3 27. Ra4 Ra8 28. Kf3 Nf6 29.
g4 Nxg4 30. Kg3 Kd6 31. Kxh3 Kd5 32. Kg3 Nxe3 33. fxe3 Ke4 34. Kf2 Rh8 35. b3 Rxh2+ 36. Kg3 Rc2 37. d5+ Kxe3 38. dxe6 fxe6 39. Rxa6 f4+ 40. Kg4 f3 41. Ra8 f2 42. Rf8 Ke2 0-1

[Event "*** Titled Tuesday 3|2 Blitz (Early)"]
[Site "Chess.com"]
[Date "2017.01.03"]
[Round "9"]
[White "iturrizaga"]
[Black "dretch"]
[Result "1-0"]
[WhiteElo "2678"]
[BlackElo "2603"]
[TimeControl "180+2"]
[EndTime "12:57:23 PST"]
[Termination "iturrizaga won on time"]

1. Nf3 d5 2. c4 c6 3. e3 Bg4 4.
Nc3 e6 5. d4 Nd7 6. h3 Bh5 7.
a3 Bd6 8. e4 Ne7 9. Bd3 dxc4 10. Bxc4 O-O 11. O-O b5 12. Be2 Bxf3 13. Bxf3 e5 14. Be3 exd4 15. Bxd4 Ne5 16. Be2 N5g6 17. Be3 Qc7 18. Rc1 Rfd8 19. Qc2 Rac8 20. Bg4 Rb8 21.
Nd5 Qb7 22. Nxe7+ Qxe7 23. f4 b4 24. a4 Rb7 25. e5 Nxe5 26. fxe5 Qxe5 27. Rf3 h5 28.
Bf5 b3 29. Qf2 Qh2+ 30. Kf1 Be5 31. Bb1 Rbd7 32. Re1 Bf6 33. Bf5 Qh1+ 34. Ke2 1-0

[Event "*** Titled Tuesday 3|2 Blitz (Early)"]
[Site "Chess.com"]
[Date "2017.01.03"]
[Round "9"]
[White "Gabrielian_Artur"]
[Black "Ilja_Semjonovs"]
[Result "0-1"]
[WhiteElo "2636"]
[BlackElo "2193"]
[TimeControl "180+2"]
[EndTime "12:57:24 PST"]
[Termination "Ilja_Semjonovs won by checkmate"]

1. e4 c5 2. Nf3 d6 3. d4 cxd4 4.
Nxd4 Nf6 5. Nc3 a6 6. Bg5 e6 7. f4 Qb6 8. Qd2 Qxb2 9. Rb1 Qa3 10. Nb3 Be7 11. Bd3 h6 12. Bxf6 Bxf6 13. O-O Nd7 14.
Kh1 O-O 15. Rf3 b5 16. e5 dxe5 17. Ne4 Qe7 18. Rbf1 Bb7 19. Na5 Bd5 20. Rg3 exf4 21. Qxf4 Be5 22. Qxh6 Bxg3 23. Qh3 Bh4 24. Rf4 Bxe4 25.
Rxh4 f5 26. Bxe4 Qg5 27. Nb3 fxe4 28. g3 Rac8 29. Qxe6+ Rf7 30. Rf4 Qe7 31. Qd5 Rxc2 32. Nd4 Nf6 33. Qb3 Rd2 34. Nf5 Qc5 35. Rf1 Ng4 36.
Qe6 Rxh2# 0-1

[Event "*** Titled Tuesday 3|2 Blitz (Early)"]
[Site "Chess.com"]
[Date "2017.01.03"]
[Round "9"]
[White "MFBerna"]
[Black "underdogchss"]
[Result "1-0"]
[WhiteElo "2209"]
[BlackElo "2289"]
[TimeControl "180+2"]
[EndTime "12:57:43 PST"]
[Termination "MFBerna won by checkmate"]

1. e4 d6 2. d4 Nf6 3. Nc3 g6 4. Nf3 Bg7 5. h3 O-O 6. Bg5 h6 7. Be3 b6 8. Bd3 c5 9. d5 b5 10. Nxb5 c4 11. Bxc4 Nxe4 12. c3 Ba6 13. a4 Qc8 14.
Qe2 Nxc3 15. bxc3 Bxb5 16. axb5 Bxc3+ 17. Nd2 Bxa1 18. Bxh6 Re8 19. O-O Bf6 20. Ne4 Bd4 21. Re1 Nd7 22. Bd3 Nf6 23. Ng5 Nh7 24. Nxf7 Kxf7 25.
Qe4 Qf5 26. Qxd4 Qf6 27. Qg4 e5 28. dxe6+ Ke7 29. Be3 Rec8 30. Bd4 Qg5 31. Qf3 Kd8 32. e7+ Ke8 33. Be4 Rc1 34. Bc6+ Rxc6 35. Qxc6+ Kf7 36. e8=Q+ Rxe8 37. Qxe8# 1-0

[Event "*** Titled Tuesday 3|2 Blitz (Early)"]
[Site "Chess.com"]
[Date "2017.01.03"]
[Round "9"]
[White "andretta"]
[Black "Egorov_Pavel"]
[Result "0-1"]
[WhiteElo "2426"]
[BlackElo "2321"]
[TimeControl "180+2"]
[EndTime "12:57:44 PST"]
[Termination "Egorov_Pavel won by checkmate"]

1. b3 Nf6 2. Bb2 g6 3. Bxf6 exf6 4. c4 Bg7 5. Nc3 O-O 6. Rc1 d6 7. g3 Nc6 8. e3 f5 9. d4 Re8 10. Nge2 f4 11. gxf4 Bg4 12. Bg2 Qh4 13. Qd2 Bh3 14.
Bxh3 Qxh3 15. Nb5 Qf3 16. Rg1 Rac8 17. d5 Ne7 18. Nbd4 Qh3 19. Ng3 c6 20. dxc6 Nxc6 21.
Nb5 Rcd8 22. Ne2 Qxh2 23. Qd5 Nb4 24. Qd2 d5 25. Qxb4 d4 26. Nbxd4 Bxd4 27. Rg3 Bb2 28.
Rc2 Bg7 29. Qxb7 Qh5 30. Rg5 Qh4 31. Qf3 Bf6 32. Qg3 Bxg5 33. Qxg5 Qh1+ 34. Qg1 Qe4 35. Rc1 Qd3 36. Qf1 Qd2# 0-1

[Event "*** Titled Tuesday 3|2 Blitz (Early)"]
[Site "Chess.com"]
[Date "2017.01.03"]
[Round "9"]
[White "Andrejkin"]
[Black "Kawhi_Leonard2"]
[Result "1-0"]
[WhiteElo "2213"]
[BlackElo "2199"]
[TimeControl "180+2"]
[EndTime "12:57:59 PST"]
[Termination "Andrejkin won on time"]

1. e4 c5 2. Nf3 d6 3. d4 cxd4 4.
Nxd4 Nf6 5. Nc3 g6 6. f3 Bg7 7. Be3 Nc6 8. Qd2 O-O 9. O-O-O d5 10. Kb1 Nxd4 11. e5 Nf5 12. exf6 exf6 13. Nxd5 Nxe3 14. Qxe3 Re8 15. Nxf6+ Bxf6 16. Rxd8 Rxd8 17. Bd3 Be6 18. h4 Rd4 19. h5 Rad8 20. hxg6 hxg6 21. Qh6 Bg7 22.
Qh7+ Kf8 23. g4 a5 24. b3 a4 25. Kb2 Rxd3+ 26. Kc1 Rxf3 27. Qh4 Rc8 28. bxa4 Rfc3 29. Rh2 Bxa2 30. Rd2 Ke8 31. Qh7 Bf8 32. Rf2 Be6 33. g5 R3c5 34. Re2 Rxg5 35. Qh8 Rgc5 36. Qf6 R5c6 37. a5 Ba3+ 38. Kb1 Be7 39. Qh8+ Bf8 40. Qf6 Ra8 41. Qb2 Rxa5 42. Qxb7 Rca6 43. Qb8+ Ke7 44. Qb7+ Kf6 45. Rf2+ Kg7 46. Qb2+ Kg8 47. Rh2 1-0

[Event "*** Titled Tuesday 3|2 Blitz (Early)"]
[Site "Chess.com"]
[Date "2017.01.03"]
[Round "9"]
[White "Vrolijk"]
[Black "Divertissement"]
[Result "1-0"]
[WhiteElo "2306"]
[BlackElo "2445"]
[TimeControl "180+2"]
[EndTime "12:58:14 PST"]
[Termination "Vrolijk won by checkmate"]

1. b3 d5 2. Bb2 Bg4 3. g3 c6 4.
Bg2 Nf6 5. Nf3 Nbd7 6. O-O e6 7.
c4 Be7 8. d3 O-O 9. Nbd2 a5 10.
a3 Qb6 11. Qc2 Rfc8 12. Rfc1 Qa6 13. e4 dxe4 14. dxe4 Bh5 15. e5 Bg6 16. Qd1 Ne8 17. Qe2 b5 18. cxb5 cxb5 19. Nd4 Nc5 20. Bxa8 Qxa8 21.
b4 Nd3 22. Rxc8 Qxc8 23. N2b3 axb4 24. axb4 Bxb4 25. Nxb5 Qc6 26. N3d4 Qd5 27. Rd1 Nxe5 28. f4 Nc4 29. Bc3 Bc5 30. Qa2 Bh5 31. Rf1 g5 32.
Ra1 Bg4 33. Qa8 Kg7 34. Qxd5 exd5 35. Kg2 Ne3+ 36. Kf2 Nf5 37. Ke1 Nxd4 38. Nxd4 Kg6 39. Ra6+ f6 40. Ne6 Bd6 41. Nd4 Bc5 42. Nb3 Be3 43.
Bd2 Bg1 44. fxg5 Bxh2 45. Kf2 Ng7 46. Rxf6+ Kh5 47. Rh6# 1-0